 Dungeon Crawl Stone Soup version 0.19.1-1-g22dce08 (webtiles) character file.

5132 Lahna the Spear-Bearer (level 10, -1/95 HPs)
             Began as a Minotaur Berserker on Jan 15, 2017.
             Was a High Priest of Trog.
             Slain by a warg (12 damage)
             ... on level 8 of the Dungeon.
             The game lasted 00:17:52 (8337 turns).

Lahna the Spear-Bearer (Minotaur Berserker)         Turns: 8337, Time: 00:17:52

Health: -1/95      AC: 13    Str: 22    XL:     10   Next: 33%
Magic:  9/9        EV: 10    Int:  4    God:    Trog [*****.]
Gold:   526        SH:  0    Dex: 13    Spells: 0 memorised, 9 levels left

rFire  . . .     SeeInvis .     F - +2 glaive (chop)
rCold  . . .     Gourm    .     h - +0 chain mail
rNeg   . . .     Faith    .     (shield currently unavailable)
rPois  .         Spirit   .     D - +0 hat
rElec  .         Reflect  .     (no cloak)
rCorr  +         Harm     .     C - +0 pair of gloves
MR     .....                    B - +0 pair of boots
Stlth  ..........               (no amulet)
                                (no ring)
                                l - ring of resist corrosion

@: drained
A: retaliatory headbutt, horns 2
a: Berserk, Trog's Hand, Brothers in Arms, Burn Spellbooks, Renounce Religion


You were on level 8 of the Dungeon.
You worshipped Trog.
Trog was extremely pleased with you.
You were not hungry.

You visited 1 branch of the dungeon, and saw 8 of its levels.

You collected 526 gold pieces.

Inventory:

Hand Weapons
 F - a +2 glaive of chopping (weapon)
 G - a +0 vampiric trident
Armour
 h - a +0 chain mail (worn)
 B - a +0 pair of boots (worn)
 C - a +0 pair of gloves (worn)
 D - a +0 hat (worn)
Jewellery
 l - a ring of resist corrosion (left hand)
Wands
 a - a wand of iceblast (8/15)
 y - a wand of paralysis (13/24)
 z - a wand of flame (31/48)
 E - a wand of heal wounds (3/9)
Scrolls
 e - 2 scrolls of recharging
 i - 2 scrolls of teleportation
 j - 4 scrolls of remove curse
 k - 2 scrolls of amnesia {unknown}
 o - a scroll of fear {unknown}
 p - a scroll of summoning {unknown}
 q - 2 scrolls of random uselessness {unknown}
 r - 2 scrolls of enchant armour {unknown}
 s - a scroll of fog {unknown}
 v - a scroll of magic mapping {unknown}
Potions
 f - 3 potions of lignification
 g - 2 potions of curing
 m - a potion of haste
 t - a potion of ambrosia
 w - 2 potions of agility
 x - a potion of resistance
 I - a potion of might {unknown}
 K - a potion of berserk rage {unknown}
Books
 u - a book of Maledictions

   Spells                             Type                      Level
   a - Corona                         Hexes                        1
   b - Ensorcelled Hibernation        Hexes/Ice                    2
   c - Confuse                        Hexes                        3
   d - Tukima's Dance                 Hexes                        3
   e - Dazzling Spray                 Conjuration/Hexes            3
   Trog disapproves of the use of such an item.
Comestibles
 b - a slice of pizza
 c - 6 bread rations
 d - a royal jelly
 n - 3 meat rations
 A - 3 fruits
 H - a beef jerky
 J - 3 chunks of flesh


   Skills:
 + Level 11.0(10.3) Fighting
 - Level 11.3(10.6) Polearms
 - Level 9.4(8.7) Armour
 - Level 5.0(4.3) Dodging


You had 9 spell levels left.
You didn't know any spells.

Dungeon Overview and Level Annotations

Branches:
Dungeon (8/15)             Temple (0/1) D:7
   Lair: D:8-11

Altars:
Elyvilon
Gozag
Hepliaklqana
Qazlal
Trog
Uskayaw
Vehumet
Xom
Yredelemnul


Innate Abilities, Weirdness & Mutations

You reflexively headbutt those who attack you in melee.
You have a pair of horns on your head.


Message History

You slash the warg!
You kill the warg!
Trog accepts your kill.
Your base Fighting skill increases to level 11!
The warg bites you.
* * * LOW HITPOINT WARNING * * *
The warg bites you!
* * * LOW HITPOINT WARNING * * *
The warg bites you.
* * * LOW HITPOINT WARNING * * *
The warg bites you but does no damage. The warg bites you.
* * * LOW HITPOINT WARNING * * *
You feel better. The warg bites you.
* * * LOW HITPOINT WARNING * * *
The warg bites you but does no damage. x3
Unknown command.
You feel better. The warg bites you but does no damage.
The warg closely misses you. You furiously retaliate!
You headbutt the warg! The warg bites you but does no damage.
The warg bites you!
You die...

####################
#......P.....h......
#...........@†.P....
#....≈≈≈≈≈≈≈hh≈≈≈≈≈≈
#....≈≈≈≈≈≈≈≈≈≈≈≈≈≈≈
#....≈≈#####≈≈≈≈≈≈≈≈
#....≈≈#ooo#........
#....≈≈#...#########
#....≈≈###+#
#....≈≈≈.#
#....≈≈≈.#


You could see 3 wargs and 2 orcs.

Vanquished Creatures
  A hippogriff (D:7)
  3 wraiths (D:7)
  A hungry ghost (D:7)
  8 wargs (D:8)
  Menkaure (D:5)
  3 orc warriors
  A phantom (D:7)
  An ice beast (D:5)
  2 black bears (D:8)
  4 centaurs
  2 ogres
  Blork the orc (D:6)
  2 big kobolds
  3 bullfrogs
  An elf zombie (D:7)
  A wyvern zombie (D:7)
  A scorpion (D:6)
  5 wights
  An electric eel (D:6)
  2 hounds
  A crimson imp (D:7)
  3 human zombies (D:7)
  4 jellies (D:6)
  5 orc priests
  2 iguanas
  2 human skeletons (D:7)
  6 worker ants
  6 orc wizards
  Terence (D:3)
  2 mummies (D:7)
  A worker ant zombie (D:7)
  19 gnolls
  A howler monkey skeleton (D:7)
  8 adders
  A shadow imp (D:5)
  An ooze (D:3)
  An adder zombie (D:7)
  6 worms
  A dart slug (D:5)
  7 leopard geckos
  32 orcs
  4 giant cockroaches
  32 goblins
  36 hobgoblins
  7 jackals
  15 kobolds
  A quokka (D:8)
  A ball python (D:3)
  5 bats
  3 frilled lizards
  A leopard gecko zombie (D:6)
  A quokka skeleton (D:5)
  5 rats
265 creatures vanquished.

Notes
Turn   | Place    | Note
-------+----------+-------------------------------------------
     0 | D:1      | Lahna the Minotaur Berserker began the quest for the Orb.
     0 | D:1      | Reached XP level 1. HP: 19/19 MP: 0/0
   300 | D:1      | Reached XP level 2. HP: 21/26 MP: 1/1
  1018 | D:2      | Reached skill level 5 in Polearms
  1018 | D:2      | Reached XP level 3. HP: 28/31 MP: 2/2
  1134 | D:2      | Reached ** piety under Trog
  1198 | D:2      | Found an opulent altar of Gozag.
  1230 | D:2      | Found a bloodstained altar of Trog.
  1510 | D:2      | Reached XP level 4. HP: 36/39 MP: 3/3
  2117 | D:3      | Reached XP level 5. HP: 40/45 MP: 4/4
  2140 | D:3      | Found a faded altar of an unknown god.
  2210 | D:3      | Found a radiant altar of Vehumet.
  2224 | D:3      | Noticed Terence
  2233 | D:3      | Killed Terence
  2334 | D:3      | Reached *** piety under Trog
  2677 | D:4      | Found a white marble altar of Elyvilon.
  2685 | D:4      | Reached skill level 5 in Fighting
  2690 | D:4      | Reached XP level 6. HP: 22/56 MP: 5/5
  3656 | D:5      | Entered Level 5 of the Dungeon
  3656 | D:5      | Found a stormy altar of Qazlal.
  3656 | D:5      | Noticed Menkaure
  3662 | D:5      | Killed Menkaure
  3662 | D:5      | Reached XP level 7. HP: 66/66 MP: 6/6
  3683 | D:5      | Reached skill level 5 in Armour
  4092 | D:5      | Reached **** piety under Trog
  4092 | D:5      | Reached skill level 5 in Dodging
  4491 | D:5      | Reached XP level 8. HP: 66/73 MP: 7/7
  5295 | D:6      | Noticed Blork the orc
  5326 | D:6      | Killed Blork the orc
  5469 | D:6      | Reached skill level 10 in Polearms
  5480 | D:6      | Reached ***** piety under Trog
  6088 | D:6      | Received a gift from Trog
  6430 | D:6      | Reached XP level 9. HP: 74/79 MP: 8/8
  6892 | D:7      | Found a staircase to the Ecumenical Temple.
  7132 | D:7      | Found a hazy altar of Hepliaklqana.
  7133 | D:7      | Found a shimmering altar of Xom.
  7134 | D:7      | Noticed a spectral ugly thing
  7212 | D:7      | Found a hide-covered altar of Uskayaw.
  7744 | D:7      | Found a basalt altar of Yredelemnul.
  7981 | D:8      | Reached XP level 10. HP: 69/91 MP: 9/9
  8033 | D:8      | Reached skill level 10 in Fighting
  8335 | D:8      | HP: 2/95 [warg (5)]
  8337 | D:8      | Slain by a warg

Skill      XL: |  1  2  3  4  5  6  7  8  9 10 |
---------------+-------------------------------+-----
Polearms       | 4 5 6 7 11 | 11.3
Fighting       | 5 7 9 11 | 11.0
Armour         | 4 5 9 |  9.4
Dodging        | 5 |  5.0

Action                   |  1- 3 |  4- 6 |  7- 9 | 10-12 || total
-------------------------+-------+-------+-------+-------++-------
Melee: Spear             |   133 |   198 |   411 |       ||   742
       Headbutt          |    21 |    23 |   104 |     8 ||   156
       Glaive            |       |       |   142 |    49 ||   191
Invok: Berserk           |       |     2 |     2 |       ||     4
       Burn Spellbooks   |       |       |       |     1 ||     1
  Use: Scroll            |       |       |     8 |       ||     8
       Potion            |       |       |       |     3 ||     3
  Eat: Chunk             |     2 |     8 |    17 |     2 ||    29
       Meat ration       |       |       |     1 |       ||     1
       Fruit             |       |       |     1 |       ||     1
Armor: Chain mail        |    30 |    53 |   178 |    48 ||   309
       Animal skin       |     2 |       |       |       ||     2
Dodge: Dodged            |    21 |    43 |   183 |    51 ||   298
